 Dungeon Crawl Stone Soup version 0.26-b1-57-gb162d0664a (webtiles) character file.

Game seed: 279440741586543945

40 Acheron the Skirmisher (level 3, -1/23 HPs)
             Began as a Gargoyle Monk on Jan 8, 2021.
             Killed from afar by an orc wizard (8 damage)
             ... with a magic dart
             ... on level 3 of the Dungeon.
             The game lasted 00:06:11 (2022 turns).

Acheron the Skirmisher (Gargoyle Monk)              Turns: 2022, Time: 00:06:12

Health: -1/23      AC:  5    Str: 14    XL:     3   Next: 50%
Magic:  4/4        EV: 13    Int: 10    God:
Gold:   130        SH:  0    Dex: 13    Spells: 3/3 levels left

rFire    . . .     SeeInvis .   a - +0 hand axe
rCold    . . .     Faith    .   (no shield)
rNeg     + . .     Spirit   .   b - +0 robe
rPois    ∞         Reflect  .   (no helmet)
rElec    +         Harm     .   (no cloak)
rCorr    .         Rampage  .   (no gloves)
Will     .....                  (no boots)
Stlth    ++........             (no amulet)
HPRegen  0.07/turn              (no ring)
MPRegen  0.09/turn              (no ring)

@: no status effects
A: negative energy resistance 1, electricity resistance, unbreathing,
petrification resistance, miasma immunity, AC +3
a: no special abilities


You were on level 3 of the Dungeon.
You visited 1 branch of the dungeon, and saw 3 of its levels.

You collected 130 gold pieces.

Inventory:

Hand Weapons
 a - a +0 hand axe (weapon)
Missiles
 c - 41 stones (quivered)
 g - 8 datura-tipped darts
Armour
 b - a +0 robe (worn)
Jewellery
 m - an uncursed ring of protection from cold {unknown}
Scrolls
 e - a scroll of noise {unknown}
 j - 2 scrolls of remove curse
Potions
 d - 3 potions of berserk rage {unknown}
 f - 3 potions of degeneration {unknown}
 h - a potion of curing {unknown}
 i - 2 potions of brilliance {unknown}
 k - a potion of mutation {unknown}
 l - a potion of invisibility {unknown}


   Skills:
 + Level 3.6 Fighting
 + Level 3.1 Axes
 + Level 2.7 Dodging
 * Level 2.8 Stealth
 * Level 0.6 Spellcasting


You had 3 spell levels left.
You didn't know any spells.
Your spell library was empty.

Dungeon Overview and Level Annotations

Branches:
Dungeon (3/15)

Altars:


Innate Abilities, Weirdness & Mutations

You are resistant to torment.
Your stone body is resilient. (AC +3)
You are immune to poison.
You resist negative energy. (rN+)
You are resistant to electric shocks. (rElec)
You can survive without breathing.
You are immune to petrification.
You are immune to miasma.


Message History

The orc wizard closely misses you.
The orc wizard gestures wildly while chanting.
The orc wizard blinks!
Something hits you but does no damage.
The orc wizard gestures wildly while chanting.
The orc wizard blinks!
Something hits you but does no damage.
You see here a +0 mace.
You completely miss something.
You hear some strange, mumbled words.
A magic dart appears from out of thin air!
The magic dart hits you!
The orc wizard casts a spell.
The orc wizard blinks!
You closely miss something.
Something hits you but does no damage. x2
A rat comes into view.
You hit something but do no damage. Something hits you.
You hear some strange, mumbled words.
A magic dart appears from out of thin air!
The magic dart hits you!
You die...

### ### ..# .. ..#
######## .#
..######......###.####
.........†......@{..>#
..#####.......###.....r.
..# #.......# ..#.###
### #............# .#
#......####.o# #........
... #.......## ..#.
#.####... ....


You could see an orc wizard (fast) and a rat.

Vanquished Creatures
  A dart slug (D:1)
  4 leopard geckos
  An orc (D:3)
  A bat (D:1)
  3 giant cockroaches
  5 hobgoblins
  4 jackals
  A quokka (D:1)
  A frilled lizard (D:2)
  A goblin (D:1)
  4 kobolds
  4 rats
30 creatures vanquished.

Notes
Turn   | Place    | Note
-------+----------+-------------------------------------------
     0 | D:1      | Acheron the Gargoyle Monk began the quest for the Orb.
     0 | D:1      | Reached XP level 1. HP: 14/14 MP: 1/1
   334 | D:1      | Reached XP level 2. HP: 18/19 MP: 2/2
  1128 | D:2      | Reached XP level 3. HP: 23/23 MP: 3/3
  2022 | D:3      | Killed from afar by an orc wizard

Illustrated notes

Levels and vault maps discovered:
D:1:      lightli_arrival_quake, layout_loops_corners, minmay_misc_feat_square
D:2:      kennysheep_the_goblin_king, layout_loops_cross, st_stairs_3
D:3:      layout_basic

Skill      XL: |  1  2  3 |
---------------+----------+-----
Axes           | 3 |  3.1
Fighting       | |  3.6
Dodging        | |  2.7
Stealth        | |  2.8
Spellcasting   | |  0.6

Action                   || total
-------------------------++-------
Melee: Hand axe          ||   136
  Use: Scroll            ||     2
 Stab: Sleeping          ||     4
Armor: Robe              ||    33
Dodge: Dodged            ||   115
